 Dungeon Crawl Stone Soup version 0.12.2-34-gf45b194 (webtiles) character file.

710 Dalarin the Vexing (level 7, 0/32 HPs)
             Began as a Spriggan Enchanter on Sept 8, 2013.
             Shot with an arrow by a centaur (12 damage)
             ... on Level 5 of the Dungeon.
             The game lasted 00:53:46 (7676 turns).

Dalarin the Vexing (Spriggan Enchanter)             Turns: 7676, Time: 00:53:46

HP   0/32        AC  3     Str  6      XL: 7   Next:  6%
MP  20/22        EV 17     Int 17      God:
Gold 164         SH 11     Dex 19      Spells:  5 memorised,  4 levels left

Res.Fire  : . . .   See Invis. : +   a - +1 dagger (curse) {=f}
Res.Cold  : . . .   Warding    : .   b - +1 robe (curse)
Life Prot.: . . .   Conserve   : .   n - +0 buckler
Res.Poison: .       Res.Corr.  : .   (helmet restricted)
Res.Elec. : .       Clarity    : .   (no cloak)
Sust.Abil.: . .     Spirit.Shd : .   (gloves unavailable)
Res.Mut.  : .       Stasis     : .   (boots unavailable)
Res.Rott. : .       Ctrl.Telep.: .   (no amulet)
Saprovore : . . .   Flight     : .   (no ring)
                                     q - cursed +3 ring of dexterity

@: very quick, somewhat resistant to hostile enchantments, stealthy
A: unfitting armour, see invisible, herbivore 3, speed 3, slow metabolism 2
a: no special abilities


You were on level 5 of the Dungeon.
You were not hungry.

You visited 1 branch of the dungeon, and saw 5 of its levels.

You collected 144 gold pieces.

Inventory:

Hand weapons
 a - a cursed +1,+1 dagger (weapon) {=f}
 t - a cursed -3,-1 dagger
Missiles
 d - 50 darts (quivered)
 o - 13 exploding darts
Armour
 b - a cursed +1 robe (worn)
 n - a +0 buckler (worn)
Magical devices
 i - a wand of magic darts (15) {unknown}
 l - a wand of random effects (17) {unknown}
Comestibles
 r - a pear
Scrolls
 m - 2 scrolls of blinking
 p - a scroll of teleportation
 s - 3 scrolls of fear
 u - a scroll of immolation {unknown}
 v - a scroll of magic mapping {unknown}
Jewellery
 f - an uncursed amulet of clarity {unknown}
 h - an uncursed ring of ice
 k - an uncursed ring of magical power {unknown}
 q - a cursed +3 ring of dexterity (left hand)
Potions
 e - a potion of porridge
 g - 2 potions of curing
 j - 2 potions of flight
Books
 c - a book of Maledictions

   Spells                             Type                      Level
   *Corona                            Hexes                        1
   *Sure Blade                        Hexes/Charms                 2
   *Ensorcelled Hibernation           Hexes/Ice                    2
   *Confuse                           Hexes                        3
   *Enslavement                       Hexes                        4
   Invisibility                       Hexes                        6


   Skills:
 - Level 1.1 Short Blades
 - Level 1.1 Throwing
 - Level 3.0 Dodging
 - Level 3.0 Stealth
 + Level 4.5 Stabbing
 * Level 5.4 Spellcasting
 * Level 7.1 Hexes


You had 4 spell levels left.
You knew the following spells:

 Your Spells              Type           Power        Failure   Level  Hunger
a - Corona                Hex            #####...     1%          1    None
b - Ensorcelled Hibernat  Hex/Ice        ####...      8%          2    #......
c - Confuse               Hex            #####....    2%          3    ###....
d - Sure Blade            Hex/Chrm       ####......   8%          2    #......
e - Enslavement           Hex            #####....    10%         4    ####...


Dungeon Overview and Level Annotations

Branches:
Dungeon (5/27)
 Temple: D:4-7

Altars:
Fedhas
Trog
Vehumet
Xom

Annotations
D:5 Duvessa


Innate Abilities, Weirdness & Mutations

You are tiny and cannot use many weapons and most armour.
You have supernaturally acute eyesight.
You are a herbivore.
You cover ground extremely quickly.
You need consume almost no food.


Message History

v - a scroll labeled IDAIRI GERUIS
d - 48 darts (gained 1)
d - 49 darts (gained 1)
d - 50 darts (gained 1)
A worker ant comes into view.
The helpless worker ant fails to defend itself.
You slice the worker ant!!
You kill the worker ant!
A centaur comes into view.
The centaur shouts!
The centaur wields a bow.
The centaur shoots an arrow.
The arrow hits you!
Ouch! That really hurt!
Casting: Ensorcelled Hibernation
Confirm with . or Enter, or press ? or * to list all spells.
Aiming: Ensorcelled Hibernation
Press: ? - help, Shift-Dir - straight line, f - centaur
Aim: a centaur, wielding a bow The centaur struggles to resist.
The centaur shoots an arrow.
The arrow hits you!
You die...

#####
#######...#######
#...............#
#.#####...#####.######
#.# #......# #......#
#.# #@#....# #......#
#.# #.####.# #......#
#.###.# #.# #......#
#...#c# #.####......#
###.#.# #>...........
#.#.# #.#####......
#.#.# #.# #......
..#.# #.# ###......
###.#.# #.# #........


You could see a centaur.

Vanquished Creatures
  A centaur (D:5)
  Dowan (D:5)
  A scorpion (D:4)
  An orc priest (D:4)
  2 iguanas (D:5)
  4 worker ants
  An orc wizard (D:5)
  9 adders
  2 giant mites
  An iguana skeleton (D:4)
  A worm (D:2)
  A giant eyeball (D:5)
  3 giant geckos
  5 orcs
  10 bats
  3 giant cockroaches
  12 goblins
  A grey rat (D:4)
  9 hobgoblins
  19 jackals
  A quokka (D:2)
  3 ball pythons
  5 giant newts
  8 kobolds
  10 rats
114 creatures vanquished.

Notes
Turn   | Place    | Note
--------------------------------------------------------------
     0 | D:1      | Dalarin, the Spriggan Enchanter, began the quest for the Orb.
     0 | D:1      | Reached XP level 1. HP: 9/9 MP: 4/4
   239 | D:1      | Reached XP level 2. HP: 10/13 MP: 7/7
   446 | D:1      | Reached skill level 4 in Hexes
  1086 | D:2      | Reached XP level 3. HP: 14/16 MP: 10/10
  1500 | D:2      | Found a blossoming altar of Fedhas.
  1869 | D:2      | Found a bloodstained altar of Trog.
  1957 | D:2      | Found a shimmering altar of Xom.
  1996 | D:2      | Reached XP level 4. HP: 17/21 MP: 13/13
  2224 | D:2      | Learned a level 2 spell: Ensorcelled Hibernation
  2228 | D:2      | Learned a level 3 spell: Confuse
  2604 | D:3      | Noticed a hippogriff
  2742 | D:3      | Reached skill level 5 in Hexes
  3034 | D:3      | Learned a level 2 spell: Sure Blade
  3688 | D:3      | HP: 1/21 [iguana (9)]
  4334 | D:4      | Found a radiant altar of Vehumet.
  4468 | D:4      | Found a glowing drain.
  4811 | D:4      | Reached XP level 5. HP: 24/24 MP: 16/16
  5538 | D:5      | Entered Level 5 of the Dungeon
  5538 | D:5      | Noticed Duvessa
  5538 | D:5      | Noticed Dowan
  5541 | D:5      | Killed Dowan
  5541 | D:5      | Reached skill level 6 in Hexes
  5599 | D:5      | Reached XP level 6. HP: 28/28 MP: 15/19
  5760 | D:5      | HP: 1/28 [poisoned by an adder]
  6527 | D:5      | Got a cursed +4,-5 fine dagger {flame}
  6559 | D:5      | Reached skill level 5 in Spellcasting
  6646 | D:5      | Noticed a centaur
  6657 | D:5      | Killed a centaur
  6676 | D:5      | Paralysed by a giant eyeball for 3 turns
  6695 | D:5      | Reached skill level 7 in Hexes
  6831 | D:5      | Learned a level 4 spell: Enslavement
  7254 | D:4      | Reached XP level 7. HP: 18/32 MP: 19/22
  7674 | D:5      | Noticed a centaur
  7676 | D:5      | Shot with an arrow by a centaur

Action                   |  1- 3 |  4- 6 |  7- 9 || total
-------------------------+-------+-------+-------++-------
Melee: Dagger            |   144 |   358 |    20 ||   522
Throw: Dart              |    34 |    53 |       ||    87
 Cast: Corona            |     1 |     8 |       ||     9
       Sure Blade        |       |     5 |       ||     5
       Ensorcelled Hiber |       |    10 |     1 ||    11
Evoke: Wand              |       |     1 |       ||     1
  Use: Potion            |       |    14 |       ||    14
       Scroll            |       |    11 |       ||    11
 Stab: Sleeping          |     7 |    10 |     2 ||    19
       Distracted        |       |     2 |       ||     2
       Invisible         |       |     7 |       ||     7
